 Dungeon Crawl Stone Soup version 0.24.0-123-gd5b16e6ec5 (webtiles) character file.

Game seed: 17104752834765593352, levelgen mode: deterministic

756 sking99 the Covert (level 7, 0/46 HPs)
             Began as a Vampire Enchanter on Feb 5, 2020.
             Was a Believer of Uskayaw.
             Killed by divine providence
             ... invoked by an orc priest
              (17 damage)
             ... on level 5 of the Dungeon.
             The game lasted 00:09:44 (4919 turns).

sking99 the Covert (Vampire Enchanter)              Turns: 4919, Time: 00:09:45

Health: 0/46       AC:  2    Str:  7    XL:     7   Next: 50%
Magic:  5/10       EV: 14    Int: 19    God:    Uskayaw [**....]
Gold:   214        SH:  0    Dex: 15    Spells: 1/10 levels left

rFire    . . .     SeeInvis +   a - +1 dagger
rCold    . . .     Gourm    .   (no shield)
rNeg     . . .     Faith    .   b - +0 robe
rPois    .         Spirit   .   (no helmet)
rElec    .         Reflect  .   (no cloak)
rCorr    .         Harm     .   (no gloves)
MR       .....                  (no boots)
Stlth    ++++......             (no amulet)
HPRegen  0.35/turn              (no ring)
MPRegen  0.12/turn              (no ring)

@: regenerating quickly
A: no food, fangs 3, see invisible, unbreathing
a: Exsanguinate, Stomp, Line Pass, Renounce Religion


You were on level 5 of the Dungeon.
You worshipped Uskayaw.
Uskayaw was noncommittal.
You were alive.

You visited 2 branches of the dungeon, and saw 6 of its levels.

You collected 214 gold pieces.

Inventory:

Hand Weapons
 a - a +1 dagger (weapon)
Missiles
 o - 3 poisoned darts (quivered)
Armour
 b - a +0 robe (worn)
Jewellery
 t - an uncursed ring of resist corrosion {unknown}
Wands
 m - a wand of iceblast (8)
 p - a wand of digging (5)
Scrolls
 d - a scroll of identify {unknown}
 e - 2 scrolls of remove curse {unknown}
 f - 3 scrolls of fog {unknown}
 g - a scroll of blinking {unknown}
 k - a scroll of enchant weapon {unknown}
 n - a scroll of fear {unknown}
 q - a scroll of teleportation {unknown}
 r - 2 scrolls of magic mapping {unknown}
Potions
 c - 3 potions of curing {unknown}
 h - a potion of brilliance {unknown}
 i - 2 potions of resistance {unknown}
 j - a potion of ambrosia {unknown}
 l - a potion of flight {unknown}
 s - 2 potions of heal wounds {unknown}


   Skills:
 + Level 3.8 Short Blades
 - Level 4.1 Dodging
 * Level 8.7 Stealth
 - Level 2.0 Spellcasting
 * Level 8.1 Hexes
 + Level 0.5 Invocations


You had one spell level left.
You knew the following spells:

 Your Spells              Type           Power        Failure   Level  Hunger
a - Corona                Hex            ####...      1%          1    N/A
b - Ensorcelled Hibernat  Hex/Ice        ###...       4%          2    N/A
c - Confuse               Hex            ####....     1%          3    N/A
d - Tukima's Dance        Hex            ####....     1%          3    N/A

Your spell library contained the following spells:

 Spells                   Type           Power        Failure   Level  Hunger
 Dazzling Spray           Conj/Hex       ###...       10%         3    N/A

Dungeon Overview and Level Annotations

Branches:
Dungeon (5/15)             Temple (1/1) D:4

Altars:
Ashenzari
Cheibriados
Dithmenos
Elyvilon
Fedhas
Gozag
Hepliaklqana
Kikubaaqudgha
Makhleb
Nemelex Xobeh
Okawaru
Qazlal
Ru
Sif Muna
Trog
Uskayaw
Vehumet
Wu Jian
Xom
Yredelemnul
Zin
The Shining One


Innate Abilities, Weirdness & Mutations

You do not eat.
Your natural rate of healing is unusually fast.
You have razor-sharp teeth.
You have supernaturally acute eyesight. (SInv)
You can survive without breathing.


Message History

Casting: Ensorcelled Hibernation (safe; 4% risk of failure)
Confirm with . or Enter, or press ? or * to list all spells.
Aiming: Ensorcelled Hibernation (safe; 4% risk of failure)
Press: ? - help, Shift-Dir - straight line, f - orc priest
Aim: an orc priest, wielding a +0 dagger (moderately wounded, chance to defeat MR: 48%)
The orc priest resists with some effort.
The orc priest hits you with a +0 dagger.
You hit the orc priest.
The orc priest is moderately wounded.
The orc priest misses you.
You hit the orc priest.
The orc priest is heavily wounded.
The orc priest mumbles some strange prayers to Beogh against you.
Beogh smites you!
You can now pass through a line of other dancers.
You hit the orc priest.
The orc priest is heavily wounded.
The orc priest calls down the wrath of Beogh upon you.
Beogh smites you!
You die...

... ... .. ..
#.#############
#.#..o@<)......
.#####.#.###########
.........#
.#####.o##
.######o#######
..ooo.o........
.###.##.#####.# #
#)# #.#


You could see an orc priest.

Vanquished Creatures
  Sigmund (D:4)
  A water moccasin (D:4)
  An ogre (D:3)
  A howler monkey (D:2)
  An orc priest (D:3)
  4 orc wizards (D:4)
  Ijyb (D:3)
  2 worker ants
  Robin (D:4)
  An adder (D:2)
  An ooze (D:2)
  2 adder skeletons (D:4)
  2 worms
  4 leopard geckos
  18 orcs
  11 bats
  3 giant cockroaches
  13 goblins
  11 hobgoblins
  4 jackals
  3 frilled lizards
  A jackal skeleton (D:4)
  13 kobolds
  A leopard gecko skeleton (D:4)
  A quokka skeleton (D:4)
  5 rats
107 creatures vanquished.

Notes
Turn   | Place    | Note
-------+----------+-------------------------------------------
     0 | D:1      | sking99 the Vampire Enchanter began the quest for the Orb.
     0 | D:1      | Reached XP level 1. HP: 13/13 MP: 3/3
   180 | D:1      | Reached XP level 2. HP: 19/19 MP: 5/5
   184 | D:1      | Learned a level 2 spell: Ensorcelled Hibernation
   277 | D:1      | Reached skill level 5 in Hexes
   370 | D:1      | Reached skill level 5 in Stealth
   736 | D:1      | Reached XP level 3. HP: 24/24 MP: 3/6
   947 | D:2      | Learned a level 3 spell: Confuse
  1596 | D:2      | Reached XP level 4. HP: 28/30 MP: 4/7
  1734 | D:2      | Found a shimmering altar of Xom.
  1734 | D:2      | Found a hide-covered altar of Uskayaw.
  1750 | D:2      | Became a worshipper of Uskayaw the Reveler
  1826 | D:3      | Reached * piety under Uskayaw
  2133 | D:3      | Noticed Ijyb
  2188 | D:3      | Killed Ijyb
  2391 | D:3      | Reached XP level 5. HP: 35/35 MP: 3/8
  2712 | D:3      | Reached ** piety under Uskayaw
  2823 | D:3      | Found a stormy altar of Qazlal.
  2915 | D:4      | Noticed Sigmund
  2918 | D:4      | Noticed an ogre
  3077 | D:3      | Killed an ogre
  3077 | D:3      | Reached XP level 6. HP: 41/41 MP: 6/9
  3106 | D:3      | Learned a level 3 spell: Tukima's Dance
  3160 | D:4      | Noticed a water moccasin
  3163 | D:4      | Killed a water moccasin
  3207 | D:4      | Noticed Robin
  3342 | D:4      | Killed Robin
  3577 | D:4      | Found a staircase to the Ecumenical Temple.
  3607 | Temple   | Entered the Ecumenical Temple
  3787 | D:4      | Killed Sigmund
  3787 | D:4      | Reached XP level 7. HP: 40/46 MP: 3/10
  4046 | D:4      | Reached *** piety under Uskayaw
  4873 | D:5      | Entered Level 5 of the Dungeon
  4919 | D:5      | Killed from afar by an orc priest

Levels and vault maps discovered:
D:1:      minmay_arrival_arboretum_small, layout_basic
D:2:      layout_rooms, gammafunk_temple_overflow_pools
D:3:      layout_loops_ring, serial_park_tiny_pond, st_stairs_14,
          nicolae_qazlal_eye_of_the_storm, uniq_ijyb
D:4:      layout_loops_corners, minmay_temple_entry_arrows, first_ration,
          kennysheep_generic_room_11, uniq_sigmund, uniq_robin
D:5:      layout_loops_ring, basic_altar, uniq_crazy_yiuf_cottage
Temple:   regret_index_temple_chain_breaker

Skill      XL: |  1  2  3  4  5  6  7 |
---------------+----------------------+-----
Hexes          | 5 6 7 8 |  8.1
Stealth        | 5 6 7 8 |  8.7
Short Blades   | 2 3 |  3.8
Dodging        | 3 4 |  4.1
Spellcasting   | |  2.0
Invocations    | |  0.5

Action                   |  1- 3 |  4- 6 |  7- 9 || total
-------------------------+-------+-------+-------++-------
Melee: Dagger            |    87 |   107 |    73 ||   267
       Bite              |     5 |     9 |     7 ||    21
 Cast: Ensorcelled Hiber |    20 |    45 |    19 ||    84
       Confuse           |     1 |       |       ||     1
 Stab: Sleeping          |    24 |    34 |    18 ||    76
       Paralysed         |       |       |     1 ||     1
Armor: Robe              |    17 |    10 |     7 ||    34
Dodge: Dodged            |    68 |    74 |    30 ||   172
